 Dungeon Crawl Stone Soup version 0.28-a0-655-g4eb62b627b (webtiles) character file.

Game seed: 5463351601742531222

50 cheechan the Cutter (level 3, 0/26 HPs)
             Began as an Octopode Monk on Oct 12, 2021.
             Was an Initiate of Gozag.
             Slain by a gnoll (6 damage)
             ... on level 2 of the Dungeon.
             The game lasted 00:04:19 (1817 turns).

cheechan the Cutter (Octopode Monk)                 Turns: 1817, Time: 00:04:21

Health: 0/26       AC:  1    Str: 10    XL:     3   Next: 79%
Magic:  3/3        EV: 15    Int: 12    God:    Gozag
Gold:   41         SH:  0    Dex: 21    Spells: 2/2 levels left

rFire   . . .      SeeInvis .   a - +0 short sword
rCold   . . .      Faith    .   (no shield)
rNeg    . . .      Spirit   .   (helmet restricted)
rPois   .          Reflect  .   (no amulet)
rElec   .          Harm     .   k - +6 ring of dexterity
rCorr   .          Rampage  .   (no ring)
Will    .....                   (no ring)
Stlth   ++++......              (no ring)
HPRegen 0.08/turn               (no ring)
MPRegen 0.08/turn               (no ring)
                                (no ring)
                                (no ring)

@: no status effects
A: almost no armour, amphibious, 8 rings, camouflage 1, gelatinous body 1,
(nimble swimmer 1), tentacles
a: Renounce Religion, Potion Petition, Call Merchant, Bribe Branch


You were on level 2 of the Dungeon.
You worshipped Gozag.
Gozag was noncommittal.
You visited 1 branch of the dungeon, and saw 3 of its levels.

You collected 41 gold pieces.

Inventory:

Hand Weapons
 a - a +0 short sword (weapon)
 b - a +0 dagger
Missiles
 e - 22 poisoned darts (quivered)
 f - 32 stones
Jewellery
 k - a +6 ring of dexterity (left tentacle)
Scrolls
 c - 2 scrolls of fog
Potions
 d - a potion of curing {unknown}
 g - a potion of lignification {unknown}
 h - a potion of haste {unknown}
 i - a potion of attraction {unknown}
 j - a potion of degeneration {unknown}
 l - a potion of magic {unknown}


   Skills:
 + Level 3.5 Fighting
 + Level 3.7 Short Blades
 + Level 3.5 Dodging
 - Level 2.7 Stealth


You had 2 spell levels left.
You didn't know any spells.
Your spell library was empty.

Dungeon Overview and Level Annotations

Branches:
Dungeon (3/15)

Altars:
Gozag

Annotations:
D:2 Sigmund


Innate Abilities, Weirdness & Mutations

You cannot wear most types of armour.
You are amphibious.
You can wear up to eight rings at the same time.
Your skin changes colour to match your surroundings (Stealth+).
Your rubbery body absorbs attacks. (AC +1, EV +1)
((You are camouflaged near water. (Stealth+)))
You have tentacles for arms and can constrict up to eight enemies at once.


Message History

You hit the gnoll. You grab the gnoll. You squeeze the gnoll.
The gnoll is moderately wounded.
You constrict the gnoll. The gnoll closely misses you.
You hit the gnoll.
You squeeze the gnoll, but do no damage.
The gnoll is severely wounded.
You constrict the gnoll. The gnoll misses you.
You hit the gnoll.
The gnoll is severely wounded.
You constrict the gnoll. The gnoll barely misses you.
You hit the gnoll.
You kill the gnoll!
You now have 41 gold pieces (gained 7).
You see here a +0 club.
You start resting.
HP restored.
There is a stone staircase leading up here.
You climb upwards.
Level annotation: Sigmund Sigmund points at you and mumbles some strange words.
You resist with significant effort. The gnoll closely misses you.
There is a stone staircase leading down here.
The gnoll barely misses you.
You hit the gnoll but do no damage. Your grab misses the gnoll.
You squeeze the gnoll, but do no damage.
The gnoll misses you. The gnoll hits you with a +0 whip!
You hit the gnoll. Your grab misses the gnoll.
The gnoll is lightly wounded.
The gnoll hits you with a +0 halberd! The gnoll closely misses you.
The gnoll hits you from afar with a +0 halberd.
* * * LOW HITPOINT WARNING * * *
There is a stone staircase leading down here.
The gnoll closely misses you.
Sigmund gestures wildly while chanting.
Sigmund flickers and vanishes!
Deactivating autopickup; reactivate with Ctrl-A.
The gnoll hits you from afar with a +0 halberd.
You die...
Your body crumbles into a pile of gold.

#######+##
#........#
#........########
#......g.@.......
#.......g.#.##.##
#######'#{#.##.#
#.#...##.#####
#.#..........#
#.(.......#
###.(._...##########
#..(..............
###.........#######


You could see 2 gnolls.

Vanquished Creatures
  A gnoll (D:3)
  2 dart slugs (D:1)
  3 ball pythons
  3 bats (D:1)
  8 endoplasms
  A giant cockroach (D:1)
  2 goblins (D:1)
  2 hobgoblins (D:1)
  3 kobolds (D:1)
  4 frilled lizards
  3 rats (D:1)
32 creatures vanquished.

Notes
Turn   | Place    | Note
-------+----------+-------------------------------------------
     0 | D:1      | cheechan the Octopode Monk began the quest for the Orb.
     0 | D:1      | Reached XP level 1. HP: 16/16 MP: 1/1
   174 | D:1      | Reached XP level 2. HP: 15/21 MP: 2/2
   877 | D:1      | Reached XP level 3. HP: 26/26 MP: 3/3
  1295 | D:1      | You fall into a shaft and drop 1 floor!
  1368 | D:2      | Found an opulent altar of Gozag.
  1378 | D:2      | Noticed Sigmund
  1380 | D:2      | Became a worshipper of Gozag Ym Sagoz the Greedy
  1817 | D:2      | Slain by a gnoll

Illustrated notes

Levels and vault maps discovered:
D:1:      dpeg_chamrin_arrival_tetris, layout_basic
D:2:      layout_basic, basic_altar, uniq_crazy_yiuf_cottage, uniq_sigmund
D:3:      layout_loops_cross, elyvilon_altar_5, uniq_natasha

Action                   || total
-------------------------++-------
Melee: Short sword       ||    56
       Constrict         ||     9
       Tentacles         ||     6
Throw: Dart              ||     4
  Use: Scroll            ||     2
 Stab: Sleeping          ||    13
Armor: Skin              ||     5
Dodge: Dodged            ||    40

Table legend: (Time is in decaauts)
 A = Elapsed time spent in this place.
 B = Non-inter-level travel time spent in this place.
 C = Inter-level travel time spent in this place.
 D = Time resting spent in this place.
 E = Time spent auto-exploring this place.
 F = Levels seen in this place.
 G = Mean time per level.
                   A        B        C        D        E       F      G
               +--------+--------+--------+--------+--------+-----+--------+
         Total |   1813 |   1813 |      0 |    739 |      0 |   3 |  604.3 |
       Dungeon |   1813 |   1813 |      0 |    739 |      0 |   3 |  604.3 |
               +--------+--------+--------+--------+--------+-----+--------+

Top non-repeatable levels by time:
     D:1: 1292 daAuts
     D:3: 383 daAuts
     D:2: 138 daAuts
